[Event "January 9 Early 2024"]
[Site "https://www.chess.com"]
[Date "2024.01.11"]
[Round "7"]
[White "Kravtsiv, Martyn"]
[Black "Matta, Nicholas"]
[Result "1-0"]
[Board "38"]
[TimeControl "180+1"]
[WhiteFideId "14113147"]
[BlackFideId "30914523"]
[WhiteElo "2855"]
[BlackElo "2589"]
[WhiteTeam "UKR"]
[BlackTeam "USA"]
[WhiteClock "0:00:27"]
[BlackClock "0:01:16"]

1. e4 c5 2. Nf3 Nf6 3. e5 Nd5 4. Nc3 e6 5. Ne4 Nc6 6. c4 f5 7. cxd5 fxe4 8. dxc6 exf3 9. Qxf3 dxc6 10. Bd3 Qd5 11. Qh5+ g6 12. Bxg6+ hxg6 13. Qxh8 Qxg2 14. Rf1 b6 15. d3 Ba6 16. Qf6 Bxd3 17. Qxe6+ Be7 18. Kd2 Qxf1 19. Qxc6+ Kf7 20. Kc3 Bc4 21. Qf3+ Kg7 22. Bh6+ Kxh6 23. Rxf1 Rf8 24. Qxf8+ Bxf8 25. Kxc4 Kg5 26. Kd5 Kf5 27. e6 Be7 28. Rg1 g5 29. Rg3 g4 30. h3 gxh3 31. Rxh3 b5 32. Rh7 Kf6 33. Rf7+ 1-0

[Event "January 9 Early 2024"]
[Site "https://www.chess.com"]
[Date "2024.01.11"]
[Round "7"]
[White "Liascovich, Lucas"]
[Black "Djokic, Mihailo"]
[Result "1-0"]
[Board "39"]
[TimeControl "180+1"]
[WhiteFideId "108634"]
[BlackFideId "976440"]
[WhiteElo "2908"]
[BlackElo "2676"]
[WhiteTeam "ARG"]
[BlackTeam "SRB"]
[WhiteClock "0:01:30"]
[BlackClock "0:00:41"]

1. e4 c5 2. Nc3 Nc6 3. Bb5 Nd4 4. Nf3 a6 5. Bd3 Nc6 6. O-O g6 7. e5 Bg7 8. Re1 Nh6 9. Be4 Ng4 10. Bxc6 dxc6 11. d3 O-O 12. h3 Nh6 13. Bf4 Nf5 14. a4 Nd4 15. a5 h6 16. Ne4 Ne6 17. Be3 Qd5 18. c4 Qd7 19. Nxc5 Nxc5 20. Bxc5 Rd8 21. d4 Qe6 22. Qb3 Bf8 23. Rad1 Qf5 24. Qe3 g5 25. Nd2 Be6 26. b3 Rd7 27. Ne4 Rad8 28. Bb6 Rc8 29. Nc5 Bg7 30. Nxd7 Bxd7 31. Bc5 Re8 32. Qd3 e6 33. Qxf5 exf5 34. f4 g4 35. d5 cxd5 36. cxd5 Rc8 37. Rc1 h5 38. Be7 Re8 39. d6 Be6 40. Red1 gxh3 41. d7 Bxd7 42. Rxd7 1-0

[Event "January 9 Early 2024"]
[Site "https://www.chess.com"]
[Date "2024.01.11"]
[Round "7"]
[White "Saha, Ananda"]
[Black "Sailer, Mike"]
[Result "1-0"]
[Board "40"]
[TimeControl "180+1"]
[WhiteFideId "2619644"]
[BlackFideId "2012901"]
[WhiteElo "2481"]
[BlackElo "2214"]
[WhiteTeam "CAN"]
[BlackTeam "USA"]
[WhiteClock "0:01:19"]
[BlackClock "0:00:11"]

1. d4 d5 2. Nf3 Bf5 3. c4 e6 4. Nc3 Nc6 5. a3 Nf6 6. e3 Ne4 7. Be2 Be7 8. O-O O-O 9. Nxe4 Bxe4 10. b4 dxc4 11. Bxc4 a6 12. Bb2 Bd6 13. Bd3 Bxd3 14. Qxd3 Re8 15. Rfd1 Qe7 16. Rac1 Rad8 17. Qe4 f5 18. Qc2 g6 19. Qc4 h6 20. Qc3 Kh7 21. Kh1 g5 22. d5 exd5 23. Rxd5 g4 24. Qc2 gxf3 25. Qxf5+ Kg8 26. Qg6+ Kf8 27. Rf5+ 1-0

[Event "January 9 Early 2024"]
[Site "https://www.chess.com"]
[Date "2024.01.11"]
[Round "7"]
[White "Mrithyunjay Mahadevan"]
[Black "Ambartsumova, Karina"]
[Result "0-1"]
[Board "41"]
[TimeControl "180+1"]
[WhiteFideId "45003521"]
[BlackFideId "4166299"]
[WhiteElo "2442"]
[BlackElo "2600"]
[WhiteTeam "IND"]
[BlackTeam "RUS"]
[WhiteClock "0:01:08"]
[BlackClock "0:00:41"]

1. c4 e6 2. g3 Nf6 3. Bg2 d5 4. Nf3 dxc4 5. Qa4+ c6 6. Qxc4 b5 7. Qc2 Bb7 8. O-O Nbd7 9. Nd4 Rc8 10. Nc3 Qb6 11. e3 a6 12. a4 c5 13. Nf3 Be7 14. axb5 axb5 15. d3 O-O 16. Bd2 Bc6 17. Qb3 Rfd8 18. Ne2 Qb7 19. Ne1 Bxg2 20. Nxg2 Ne5 21. Bc3 Nxd3 22. Ngf4 c4 23. Qc2 b4 24. Bxf6 Bxf6 25. Rad1 Nxb2 26. Rxd8+ Rxd8 27. Nh5 Qf3 28. Nef4 Bc3 0-1

[Event "January 9 Early 2024"]
[Site "https://www.chess.com"]
[Date "2024.01.11"]
[Round "7"]
[White "Baules Rodriguez, Jorge Luis"]
[Black "Dominguez Perez, Leinier"]
[Result "0-1"]
[Board "42"]
[TimeControl "180+1"]
[WhiteFideId "6600247"]
[BlackFideId "3503240"]
[WhiteElo "2606"]
[BlackElo "2974"]
[WhiteTeam "PAN"]
[BlackTeam "USA"]
[WhiteClock "0:00:15"]
[BlackClock "0:01:35"]

1. e4 c5 2. Nf3 d6 3. d4 cxd4 4. Nxd4 Nf6 5. Nc3 a6 6. Be3 e5 7. Nb3 Be6 8. Qd2 Nbd7 9. f4 b5 10. f5 Bc4 11. O-O-O Be7 12. Kb1 Qc7 13. g4 h6 14. Rg1 b4 15. Nd5 Nxd5 16. exd5 a5 17. Nc1 Nf6 18. Bxc4 Qxc4 19. Qd3 Rc8 20. h3 Ne4 21. Qxc4 Rxc4 22. Nb3 Bd8 23. Nd2 Nxd2+ 24. Rxd2 Bg5 25. Rg3 Bxe3 26. Rxe3 h5 27. b3 Rf4 28. Rg2 hxg4 29. hxg4 Rh1+ 30. Kb2 Rff1 31. c3 Ra1 32. cxb4 axb4 33. Rge2 Rhc1 0-1

[Event "January 9 Early 2024"]
[Site "https://www.chess.com"]
[Date "2024.01.11"]
[Round "7"]
[White "Schnaider, Ilan"]
[Black "Tan, Ralph"]
[Result "1-0"]
[Board "43"]
[TimeControl "180+1"]
[WhiteFideId "169013"]
[BlackFideId "30966590"]
[WhiteElo "2756"]
[BlackElo "2563"]
[WhiteTeam "ARG"]
[BlackTeam "USA"]
[WhiteClock "0:01:30"]
[BlackClock "0:00:09"]

1. e4 c6 2. Nf3 d5 3. Nc3 dxe4 4. Nxe4 Nf6 5. Qe2 Nxe4 6. Qxe4 Nd7 7. Bc4 Nf6 8. Ne5 e6 9. Qf4 Bc5 10. c3 O-O 11. d4 Be7 12. O-O c5 13. Re1 cxd4 14. cxd4 Nd5 15. Qg3 Bf6 16. Bd3 g6 17. Bh6 Bg7 18. Bxg7 Kxg7 19. h4 Nf6 20. Rad1 Nh5 21. Qg4 b6 22. Qe4 Rb8 23. Nc6 Bb7 24. Qe5+ Qf6 25. Nxb8 Qxe5 26. dxe5 Rxb8 27. Be4 Ba6 28. g3 Bb5 29. Bf3 Rc8 30. Rd4 Rc2 31. g4 1-0

[Event "January 9 Early 2024"]
[Site "https://www.chess.com"]
[Date "2024.01.11"]
[Round "7"]
[White "Spichkin, Alexander"]
[Black "Espinoza Villanueva, Rodrigo"]
[Result "1-0"]
[Board "44"]
[TimeControl "180+1"]
[WhiteFideId "4144074"]
[BlackFideId "5140188"]
[WhiteElo "2420"]
[BlackElo "2589"]
[WhiteTeam "RUS"]
[BlackTeam "MEX"]
[WhiteClock "0:01:13"]
[BlackClock "0:00:19"]

1. f4 d5 2. Nf3 g6 3. e3 Bg7 4. Be2 Nf6 5. O-O O-O 6. d3 c5 7. Kh1 b6 8. a4 Bb7 9. Ne5 Nc6 10. Nxc6 Bxc6 11. Qe1 Re8 12. Qg3 Qc7 13. Nd2 e5 14. f5 Rad8 15. Qh4 e4 16. dxe4 Nxe4 17. fxg6 hxg6 18. Bd3 Nd6 19. Nf3 Ne4 20. Bxe4 Rxe4 21. Qf2 Bxa4 22. Ng5 Rc4 23. b3 Bxa1 24. bxc4 Bg7 25. Qh4 Re8 26. cxd5 1-0

[Event "January 9 Early 2024"]
[Site "https://www.chess.com"]
[Date "2024.01.11"]
[Round "7"]
[White "Begunov, Konstantin"]
[Black "Halkias, Stelios"]
[Result "0-1"]
[Board "45"]
[TimeControl "180+1"]
[WhiteFideId "4118510"]
[BlackFideId "4201809"]
[WhiteElo "2476"]
[BlackElo "2718"]
[WhiteTeam "RUS"]
[BlackTeam "GRE"]
[WhiteClock "0:00:10"]
[BlackClock "0:01:21"]

1. d4 Nf6 2. c4 g6 3. f3 Nc6 4. e4 d6 5. Be3 Bg7 6. Nc3 O-O 7. Nge2 a6 8. a3 Rb8 9. b4 Re8 10. Qd2 e5 11. d5 Nd4 12. Nxd4 exd4 13. Bxd4 c5 14. dxc6 bxc6 15. Rd1 a5 16. b5 cxb5 17. Nxb5 Nxe4 18. fxe4 Rxe4+ 19. Be2 Bg4 20. O-O Bxe2 21. Rfe1 Rxd4 22. Nxd4 Bxd1 23. Rxd1 Qb6 24. Kf1 Qc5 25. Nb5 Qxc4+ 0-1

[Event "January 9 Early 2024"]
[Site "https://www.chess.com"]
[Date "2024.01.11"]
[Round "7"]
[White "Putri, Regita Desyari"]
[Black "Horak, Martin"]
[Result "0-1"]
[Board "46"]
[TimeControl "180+1"]
[WhiteFideId "7109083"]
[BlackFideId "367095"]
[WhiteElo "2231"]
[BlackElo "2526"]
[WhiteTeam "INA"]
[BlackTeam "CZE"]
[WhiteClock "0:00:39"]
[BlackClock "0:01:12"]

1. e4 c5 2. Nf3 Nc6 3. Bb5 Nf6 4. Qe2 Qc7 5. O-O a6 6. Bxc6 Qxc6 7. Re1 d6 8. h3 g6 9. c3 Bg7 10. d4 O-O 11. Nbd2 cxd4 12. Nxd4 Qc7 13. Nf1 b5 14. Ng3 Bb7 15. a3 Rac8 16. Bg5 Qc4 17. Qxc4 Rxc4 18. f3 Rfc8 19. Nb3 Ra4 20. Rad1 h6 21. Be3 Nd7 22. Nf1 Ne5 23. Nfd2 Nd3 24. Rb1 Nxe1 25. Rxe1 a5 26. Bb6 b4 27. Nxa5 bxc3 28. bxc3 Bxc3 29. Nxb7 Bxd2 30. Rd1 Bc3 31. Rd3 Rxa3 0-1

[Event "January 9 Early 2024"]
[Site "https://www.chess.com"]
[Date "2024.01.11"]
[Round "7"]
[White "Blokhin, Sofia"]
[Black "Topalov, Aleksandar"]
[Result "1-0"]
[Board "47"]
[TimeControl "180+1"]
[WhiteFideId "4508190"]
[BlackFideId "925659"]
[WhiteElo "2299"]
[BlackElo "2422"]
[WhiteTeam "EST"]
[BlackTeam "SRB"]
[WhiteClock "0:01:11"]
[BlackClock "0:01:39"]

1. d4 Nf6 2. c4 c5 3. d5 d6 4. Nc3 g6 5. e4 Bg7 6. f3 O-O 7. Be3 Na6 8. Qd2 Nc7 9. O-O-O a6 10. g4 b5 11. g5 Nh5 12. Nge2 bxc4 13. Ng3 Nb5 14. Bxc4 Nd4 15. Nxh5 gxh5 16. Bxd4 Bxd4 17. Ne2 Bg7 18. Ng3 Rb8 19. b3 a5 20. Nxh5 a4 21. Nxg7 Kxg7 22. Qc3+ Kg8 23. h4 axb3 24. axb3 Ra8 25. h5 Ra2 26. h6 f6 27. gxf6 Rxf6 28. e5 dxe5 29. d6+ Kf8 30. Qxe5 exd6 31. Qg5 1-0

[Event "January 9 Early 2024"]
[Site "https://www.chess.com"]
[Date "2024.01.11"]
[Round "7"]
[White "Viana, Valeria"]
[Black "Sofronie, Claudia-Ramona"]
[Result "0-1"]
[Board "48"]
[TimeControl "180+1"]
[WhiteFideId "8407100"]
[BlackFideId "1205722"]
[WhiteElo "2080"]
[BlackElo "2267"]
[WhiteTeam "HON"]
[BlackTeam "ROU"]
[WhiteClock "0:00:06"]
[BlackClock "0:01:44"]

1. e4 e5 2. Nf3 Nc6 3. Bb5 a6 4. Ba4 Nf6 5. O-O b5 6. Bb3 Bc5 7. d3 d6 8. h3 h6 9. c3 Bb6 10. Re1 O-O 11. d4 Re8 12. Bc2 Bb7 13. a4 exd4 14. cxd4 Nb4 15. d5 Nxc2 16. Qxc2 Rc8 17. axb5 axb5 18. Nc3 c6 19. Qd3 cxd5 20. exd5 Rxe1+ 21. Nxe1 b4 22. Na4 Bxd5 23. Nxb6 Qxb6 24. Nf3 Qb7 25. Bf4 Bxf3 26. gxf3 Rd8 27. Ra6 d5 28. Be5 Nd7 29. Bd4 Nf8 30. Ra7 Qc6 31. Qf5 Qe6 32. Qf4 Re8 33. Kh2 Ng6 34. Qc7 Qf5 35. Kg2 Nf4+ 36. Kg3 Qg5+ 37. Kh2 Qg2# 0-1

[Event "January 9 Early 2024"]
[Site "https://www.chess.com"]
[Date "2024.01.11"]
[Round "7"]
[White "Csonka, Balazs"]
[Black "Ashraf, Artin"]
[Result "0-1"]
[Board "49"]
[TimeControl "180+1"]
[WhiteFideId "742910"]
[BlackFideId "22514805"]
[WhiteElo "2704"]
[BlackElo "2908"]
[WhiteTeam "HUN"]
[BlackTeam "IRI"]
[WhiteClock "0:00:11"]
[BlackClock "0:01:06"]

1. e4 c5 2. Nf3 d6 3. d4 cxd4 4. Nxd4 Nf6 5. Nc3 a6 6. Bd3 e5 7. Nde2 Be7 8. O-O O-O 9. Ng3 Be6 10. Nd5 Bxd5 11. exd5 g6 12. c4 Nbd7 13. Bh6 Re8 14. Rc1 Bf8 15. Be3 h5 16. b4 Ng4 17. Bd2 Qh4 18. h3 Nxf2 19. Kxf2 e4 20. Be1 exd3 21. Qxd3 Qf4+ 22. Kg1 Qxc1 23. Bc3 Qe3+ 24. Qxe3 Rxe3 0-1

[Event "January 9 Early 2024"]
[Site "https://www.chess.com"]
[Date "2024.01.11"]
[Round "7"]
[White "Franchini, Gabriele"]
[Black "Smirnov, Timofey"]
[Result "1-0"]
[Board "50"]
[TimeControl "180+1"]
[WhiteFideId "806790"]
[BlackFideId "24176427"]
[WhiteElo "2229"]
[BlackElo "1997"]
[WhiteTeam "ITA"]
[BlackTeam "RUS"]
[WhiteClock "0:01:36"]
[BlackClock "0:00:01"]

1. e4 e5 2. Nf3 Nf6 3. Nc3 Bb4 4. a3 Bxc3 5. dxc3 O-O 6. Bg5 h6 7. Bh4 d6 8. Bd3 Nbd7 9. Qd2 Qe7 10. O-O-O Qe6 11. Kb1 Nc5 12. Qe2 Qg4 13. h3 Qe6 14. g4 g5 15. Bg3 Nfd7 16. Nd2 Nxd3 17. cxd3 b6 18. Nc4 Ba6 19. Ne3 Nc5 20. Nf5 Bc8 21. h4 Qg6 22. hxg5 hxg5 23. Rh5 Bxf5 24. gxf5 Qg7 25. f6 Qxf6 26. Qg4 Ne6 27. Rdh1 Kg7 28. Rh7+ Kg8 29. Qh3 Rfd8 30. Rh8+ 1-0

[Event "January 9 Early 2024"]
[Site "https://www.chess.com"]
[Date "2024.01.11"]
[Round "7"]
[White "Samunenkov, Ihor"]
[Black "Bharath Subramaniyam H"]
[Result "0-1"]
[Board "51"]
[TimeControl "180+1"]
[WhiteFideId "14187086"]
[BlackFideId "46634827"]
[WhiteElo "2773"]
[BlackElo "2958"]
[WhiteTeam "UKR"]
[BlackTeam "IND"]
[WhiteClock "0:00:17"]
[BlackClock "0:01:17"]

1. d4 Nf6 2. Nc3 d5 3. Bf4 Bf5 4. e3 e6 5. Bd3 Bg6 6. Nf3 Nbd7 7. O-O Bd6 8. Bg3 O-O 9. Qe2 Bxg3 10. hxg3 c5 11. Bxg6 hxg6 12. Rfd1 a6 13. a3 b5 14. e4 b4 15. axb4 cxb4 16. e5 bxc3 17. exf6 cxb2 18. fxg7 Kxg7 19. Ra2 Rb8 20. Rb1 a5 21. Rbxb2 Qc7 22. Qa6 Rxb2 23. Rxb2 Rb8 24. Ra2 Rb1+ 25. Kh2 Nf6 26. Ne5 Qb8 27. g4 Nxg4+ 28. Kg3 Nxe5 29. dxe5 Qxe5+ 30. Kh3 Rh1+ 0-1

[Event "January 9 Early 2024"]
[Site "https://www.chess.com"]
[Date "2024.01.11"]
[Round "7"]
[White "Bogumil, Tatiana"]
[Black "Baziuk, Vladyslav"]
[Result "0-1"]
[Board "52"]
[TimeControl "180+1"]
[WhiteFideId "4110579"]
[BlackFideId "34107940"]
[WhiteElo "2126"]
[BlackElo "2684"]
[WhiteTeam "RUS"]
[BlackTeam "UKR"]
[WhiteClock "0:00:23"]
[BlackClock "0:01:25"]

1. Nf3 c5 2. c4 Nc6 3. d4 cxd4 4. Nxd4 Nf6 5. Nc3 e6 6. a3 Be7 7. e4 O-O 8. Be2 d5 9. cxd5 exd5 10. Nxc6 bxc6 11. exd5 cxd5 12. Be3 Be6 13. O-O a5 14. Nb5 Ne4 15. Bd4 Rb8 16. a4 Bf6 17. Rc1 h6 18. Qd3 Bf5 19. Qb3 Bxd4 20. Rcd1 Bxf2+ 21. Rxf2 Nxf2 22. Kxf2 Qb6+ 23. Kf1 Be4 24. Qc3 Rfe8 25. Qd4 Qg6 26. Bf3 Bxf3 27. gxf3 Qh5 28. Rd3 Qxh2 0-1

[Event "January 9 Early 2024"]
[Site "https://www.chess.com"]
[Date "2024.01.11"]
[Round "7"]
[White "Matinian, Nikita"]
[Black "Morales Garcia, Sergio Joshafatt"]
[Result "1-0"]
[Board "53"]
[TimeControl "180+1"]
[WhiteFideId "24129100"]
[BlackFideId "5106249"]
[WhiteElo "2726"]
[BlackElo "2465"]
[WhiteTeam "FID"]
[BlackTeam "MEX"]
[WhiteClock "0:00:36"]
[BlackClock "0:00:44"]

1. e4 c5 2. Nf3 e6 3. d4 cxd4 4. Nxd4 Nc6 5. Nc3 Qc7 6. Be3 a6 7. g4 h6 8. h4 Nf6 9. Nxc6 bxc6 10. Qf3 Rb8 11. O-O-O Qa5 12. Bd4 e5 13. Be3 Rxb2 14. Rd3 Ba3 15. Kd1 Bb4 16. Bc1 Bxc3 17. Rxc3 Rb1 18. Rb3 d5 19. Bh3 Nxe4 20. Qe3 O-O 21. g5 Bxh3 22. Rxh3 h5 23. Rxb1 Nc3+ 24. Qxc3 Qxa2 25. Ra1 Qc4 26. Qxc4 dxc4 27. Rxa6 1-0

[Event "January 9 Early 2024"]
[Site "https://www.chess.com"]
[Date "2024.01.11"]
[Round "7"]
[White "Kolmagorov, Alexey"]
[Black "Kotlyar, Kirill"]
[Result "0-1"]
[Board "54"]
[TimeControl "180+1"]
[WhiteFideId "34129402"]
[BlackFideId "24145599"]
[WhiteElo "2376"]
[BlackElo "2583"]
[WhiteTeam "RUS"]
[BlackTeam "RUS"]
[WhiteClock "0:01:03"]
[BlackClock "0:00:27"]

1. d4 Nf6 2. c4 g6 3. g3 c6 4. Bg2 d5 5. Nf3 Bg7 6. Nbd2 O-O 7. O-O Bf5 8. b3 Ne4 9. Bb2 Qa5 10. a3 b5 11. b4 Qc7 12. c5 a5 13. Nh4 axb4 14. Nxe4 Bxe4 15. axb4 Rxa1 16. Qxa1 Bxg2 17. Nxg2 Nd7 18. Qa6 e5 19. e3 Re8 20. dxe5 Nxe5 21. Bxe5 Bxe5 22. Nf4 d4 23. exd4 Bxf4 24. gxf4 Re4 25. f3 Rxd4 26. Qa8+ Rd8 27. Qa5 Qd7 28. Qb6 Re8 29. Ra1 Qd4+ 30. Kg2 Qxa1 0-1

[Event "January 9 Early 2024"]
[Site "https://www.chess.com"]
[Date "2024.01.11"]
[Round "7"]
[White "Biriukov, Ilja"]
[Black "Aukhatov, Roman"]
[Result "0-1"]
[Board "55"]
[TimeControl "180+1"]
[WhiteFideId "4113373"]
[BlackFideId "44150768"]
[WhiteElo "2251"]
[BlackElo "2440"]
[WhiteTeam "RUS"]
[BlackTeam "RUS"]
[WhiteClock "0:00:17"]
[BlackClock "0:01:12"]

1. d4 Nf6 2. Nc3 d5 3. Bf4 c5 4. e3 cxd4 5. exd4 Bf5 6. Bd3 Bxd3 7. Qxd3 Nc6 8. a3 e6 9. Nf3 Bd6 10. Bg3 O-O 11. Ne5 a6 12. O-O Rc8 13. Rfe1 Bxe5 14. Bxe5 Nd7 15. Bd6 Re8 16. Rad1 Qb6 17. Qe3 Nxd4 18. Qxd4 Qxd6 19. h3 Nf6 20. Qh4 Qb6 21. Ne2 Rxc2 22. b4 Ne4 23. Rf1 Rxe2 24. Qg4 Rc2 25. h4 Rxf2 26. Rxf2 Nxf2 0-1

[Event "January 9 Early 2024"]
[Site "https://www.chess.com"]
[Date "2024.01.11"]
[Round "7"]
[White "Castellano, Christopher"]
[Black "Gutierrez Carmona, Juan Alejandro"]
[Result "1-0"]
[Board "56"]
[TimeControl "180+1"]
[WhiteFideId "5203651"]
[BlackFideId "5106770"]
[WhiteElo "2380"]
[BlackElo "2183"]
[WhiteTeam "PHI"]
[BlackTeam "MEX"]
[WhiteClock "0:01:07"]
[BlackClock "0:00:02"]

1. d4 d5 2. Bf4 e6 3. e3 Bd6 4. Bg3 Nf6 5. Nd2 c5 6. c3 Nc6 7. Ngf3 Bxg3 8. hxg3 Qd6 9. Bb5 h6 10. Qe2 Bd7 11. Rd1 cxd4 12. exd4 a6 13. Ba4 Na5 14. Bc2 Bb5 15. Qe3 Rc8 16. a4 Bd7 17. Ne5 b5 18. axb5 Bxb5 19. Ra1 Qb6 20. g4 Nd7 21. Nxd7 Kxd7 22. Qf4 f6 23. b4 Nc4 24. Nb3 Nd6 25. Nc5+ 1-0

[Event "January 9 Early 2024"]
[Site "https://www.chess.com"]
[Date "2024.01.11"]
[Round "7"]
[White "Shevchuk, Olexandr"]
[Black "Finek, Vaclav"]
[Result "0-1"]
[Board "57"]
[TimeControl "180+1"]
[WhiteFideId "14113775"]
[BlackFideId "23718293"]
[WhiteElo "2506"]
[BlackElo "2806"]
[WhiteTeam "UKR"]
[BlackTeam "CZE"]
[WhiteClock "0:00:33"]
[BlackClock "0:00:51"]

1. d4 d5 2. c4 c6 3. Nf3 Nf6 4. e3 e6 5. b3 Nbd7 6. Bd3 Bd6 7. Bb2 O-O 8. O-O b6 9. Nbd2 Bb7 10. Qc2 c5 11. cxd5 exd5 12. Rac1 Rc8 13. Qb1 Re8 14. Rfd1 Qe7 15. h3 a6 16. Nh4 g6 17. Nhf3 Ne4 18. dxc5 Ndxc5 19. Bd4 b5 20. Nf1 Ne6 21. Bb2 N6g5 22. Nxg5 Qxg5 23. Rxc8 Bxc8 24. Bxe4 Rxe4 25. Qxe4 dxe4 26. Rxd6 Qe7 27. Rd4 f5 28. b4 Be6 29. a3 Qc7 30. Rd2 Bc4 31. Ng3 Bd3 32. h4 Kf7 33. Bd4 Qc1+ 0-1

[Event "January 9 Early 2024"]
[Site "https://www.chess.com"]
[Date "2024.01.11"]
[Round "7"]
[White "Szpar, Milosz"]
[Black "Coca Cubillos, Jesus Alberto"]
[Result "1-0"]
[Board "58"]
[TimeControl "180+1"]
[WhiteFideId "1184989"]
[BlackFideId "4462912"]
[WhiteElo "2836"]
[BlackElo "2578"]
[WhiteTeam "POL"]
[BlackTeam "COL"]
[WhiteClock "0:01:21"]
[BlackClock "0:00:32"]

1. e4 g6 2. d4 Bg7 3. Nf3 d6 4. c3 Nh6 5. Bd3 O-O 6. O-O Bg4 7. Nbd2 Kh8 8. h3 Bd7 9. Re1 Nc6 10. b4 a6 11. Rb1 e5 12. Nf1 Ng8 13. Ng3 f6 14. a4 Nce7 15. b5 axb5 16. axb5 b6 17. Nd2 Qe8 18. Qb3 Qf7 19. Bc4 Qe8 20. Ndf1 Ra5 21. f4 Qa8 22. Nh2 Ra1 23. Rxa1 Qxa1 24. Bd2 Qa8 25. Nf3 Nh6 26. Rf1 Qe8 27. fxe5 fxe5 28. dxe5 dxe5 29. Bxh6 Bxh6 30. Nxe5 Be3+ 31. Kh1 Rxf1+ 32. Nxf1 Bf4 33. Nf7+ Kg7 34. g3 Bd6 35. e5 Bc5 36. e6 Qa8+ 37. Kh2 Qf3 38. Qc2 Bxe6 39. Ng5 Qf6 40. Nxe6+ Kh8 41. Nxc5 bxc5 42. Qe2 h5 43. Ne3 Qxc3 44. Nd5 Nf5 45. Nxc3 1-0

[Event "January 9 Early 2024"]
[Site "https://www.chess.com"]
[Date "2024.01.11"]
[Round "7"]
[White "Maltsevskaya, Aleksandra"]
[Black "Kleibel, Uwe"]
[Result "1-0"]
[Board "59"]
[TimeControl "180+1"]
[WhiteFideId "24174041"]
[BlackFideId "1270982"]
[WhiteElo "2564"]
[BlackElo "2374"]
[WhiteTeam "POL"]
[BlackTeam "GER"]
[WhiteClock "0:01:28"]
[BlackClock "0:00:01"]

1. Nf3 d5 2. g3 Nf6 3. d3 e6 4. Bg2 Be7 5. O-O O-O 6. Nbd2 c5 7. e4 Nc6 8. Re1 Qc7 9. Qe2 b5 10. e5 Nd7 11. Nf1 Bb7 12. h4 Rfc8 13. h5 h6 14. g4 Qd8 15. Ng3 a5 16. c3 b4 17. g5 hxg5 18. h6 gxh6 19. Nh2 Ndxe5 20. Qh5 Qf8 21. f4 gxf4 22. Bxf4 Ng6 23. Bxh6 Qd8 24. Ng4 Ba6 25. Rxe6 Bxd3 26. Bxd5 Nce5 27. Nxe5 Qxd5 28. Nxg6 Qxe6 29. Nf4 Qe3+ 30. Kh2 Qf2+ 31. Kh3 Rc6 32. Qg4+ Bg6 33. Rf1 1-0

[Event "January 9 Early 2024"]
[Site "https://www.chess.com"]
[Date "2024.01.11"]
[Round "7"]
[White "Buchenau, Frank"]
[Black "Winkels, Marcel"]
[Result "1-0"]
[Board "60"]
[TimeControl "180+1"]
[WhiteFideId "4604350"]
[BlackFideId "1003887"]
[WhiteElo "2404"]
[BlackElo "2017"]
[WhiteTeam "GER"]
[BlackTeam "NED"]
[WhiteClock "0:01:15"]
[BlackClock "0:00:01"]

1. e4 d5 2. exd5 Qxd5 3. Nc3 Qd6 4. d4 Nf6 5. Nf3 c6 6. Ne5 Nd5 7. Ne4 Qd8 8. Ng5 f6 9. Nef7 Qb6 10. Nxh8 fxg5 11. Qh5+ g6 12. Qxh7 Bf5 13. Qf7+ Kd7 14. Qxf8 Qxd4 15. Be2 Qb4+ 16. Bd2 Qxb2 17. O-O Qxc2 18. Rad1 a5 19. Nf7 Qe4 20. Qc8+ Kxc8 21. Bf3 Qe6 22. Nxg5 Qf6 23. Rfe1 Nd7 24. Ne4 Qf7 25. Ng5 Qf8 26. Ne6 Bxe6 27. Rxe6 Kc7 28. Rc1 Kb8 29. Bxd5 cxd5 30. g3 Ka7 31. Rc7 1-0

[Event "January 9 Early 2024"]
[Site "https://www.chess.com"]
[Date "2024.01.11"]
[Round "7"]
[White "Kiselev, Vitalii"]
[Black "Shubenkova, Veronika"]
[Result "1-0"]
[Board "61"]
[TimeControl "180+1"]
[WhiteFideId "4194128"]
[BlackFideId "44124040"]
[WhiteElo "2778"]
[BlackElo "2590"]
[WhiteTeam "FID"]
[BlackTeam "RUS"]
[WhiteClock "0:00:34"]
[BlackClock "0:00:36"]

1. e4 e6 2. b3 d5 3. Bb2 dxe4 4. Nc3 Nf6 5. Qe2 Be7 6. O-O-O a5 7. g4 O-O 8. g5 Nd5 9. Nxe4 a4 10. Kb1 axb3 11. axb3 c5 12. Nf3 Qa5 13. Rg1 Qa2+ 14. Kc1 Nc6 15. Nf6+ Kh8 16. Qe4 Nxf6 17. gxf6 Bxf6 18. d4 cxd4 19. Ng5 Bxg5+ 20. Rxg5 f5 21. Qh4 Rf6 22. Bb5 e5 23. Rdg1 Rf7 24. Bxc6 bxc6 25. Rxg7 Be6 26. Qxh7# 1-0

[Event "January 9 Early 2024"]
[Site "https://www.chess.com"]
[Date "2024.01.11"]
[Round "7"]
[White "Popov, Konstantin"]
[Black "Skliarov, Viktor"]
[Result "1-0"]
[Board "62"]
[TimeControl "180+1"]
[WhiteFideId "34137910"]
[BlackFideId "14106736"]
[WhiteElo "2910"]
[BlackElo "2680"]
[WhiteTeam "FID"]
[BlackTeam "UKR"]
[WhiteClock "0:01:29"]
[BlackClock "0:00:02"]

1. e4 c5 2. Nf3 Nc6 3. d4 cxd4 4. Nxd4 Nf6 5. Nc3 e5 6. Ndb5 d6 7. Bg5 a6 8. Na3 b5 9. Bxf6 gxf6 10. Nd5 f5 11. g3 fxe4 12. Bg2 Bg7 13. Bxe4 Be6 14. Qh5 Rc8 15. Rd1 Ne7 16. c3 Rc5 17. Nxe7 Qxe7 18. Nc2 d5 19. Bf5 d4 20. Bxe6 Qxe6 21. O-O Qg6 22. Qe2 dxc3 23. bxc3 O-O 24. Ne3 Qe4 25. Rd6 Rxc3 26. Rxa6 b4 27. Qh5 Rxe3 28. fxe3 Qxe3+ 29. Kg2 e4 30. Qd1 Bd4 31. Rd6 Bc3 32. Qg4+ Bg7 33. Rd5 Qa3 34. Rf2 e3 35. Re2 Qc3 36. Qe4 Bh6 37. Rh5 Bg7 38. Qxh7# 1-0

[Event "January 9 Early 2024"]
[Site "https://www.chess.com"]
[Date "2024.01.11"]
[Round "7"]
[White "Khegay, Yuliya"]
[Black "Tifferet, Shakked"]
[Result "0-1"]
[Board "63"]
[TimeControl "180+1"]
[WhiteFideId "14205394"]
[BlackFideId "2811529"]
[WhiteElo "2219"]
[BlackElo "2486"]
[WhiteTeam "UZB"]
[BlackTeam "ISR"]
[WhiteClock "0:00:04"]
[BlackClock "0:01:38"]

1. e4 c6 2. d4 d5 3. e5 Bf5 4. h4 h6 5. g4 Bd7 6. Bd3 c5 7. c3 Nc6 8. Be3 cxd4 9. Bxd4 Nxd4 10. cxd4 Qb6 11. e6 Qxe6+ 12. Be2 Qe4 13. f3 Qf4 14. Kf2 Nf6 15. Kg2 h5 16. Nh3 Qc7 17. g5 Bxh3+ 18. Rxh3 Nd7 19. Nc3 e6 20. Rc1 Qb6 21. Nb5 Bd6 22. a4 Bf4 23. Rc2 O-O 24. Qd3 g6 25. Rh1 Rac8 26. Nc3 a6 27. Rb1 Qb4 28. b3 Rc6 29. Na2 Qd6 30. Rxc6 Qxc6 31. Nb4 Qb6 32. Nc2 Rc8 33. Rb2 Bb8 34. Qe3 Qc7 35. Qf2 Qh2+ 36. Kf1 Qh1+ 37. Qg1 Qxh4 38. Ne1 Rc1 39. Qf2 Qh1+ 40. Qg1 Rxe1+ 41. Kxe1 Qxg1+ 0-1

[Event "January 9 Early 2024"]
[Site "https://www.chess.com"]
[Date "2024.01.11"]
[Round "7"]
[White "Kuzubov, Yuriy"]
[Black "Gubajdullin, Alexei"]
[Result "1-0"]
[Board "64"]
[TimeControl "180+1"]
[WhiteFideId "14112906"]
[BlackFideId "4141202"]
[WhiteElo "2872"]
[BlackElo "2652"]
[WhiteTeam "UKR"]
[BlackTeam "RUS"]
[WhiteClock "0:00:16"]
[BlackClock "0:00:54"]

1. d4 Nf6 2. Nf3 g6 3. Nbd2 d5 4. b4 Bg7 5. Bb2 O-O 6. e3 b6 7. c4 dxc4 8. Bxc4 Bb7 9. O-O Nbd7 10. Qb3 e6 11. a4 Ne4 12. Rfd1 Nxd2 13. Nxd2 Qg5 14. Bf1 Bd5 15. Qc2 c5 16. e4 Bb7 17. dxc5 Bxb2 18. Qxb2 bxc5 19. b5 Ne5 20. g3 Qh5 21. Bg2 Rad8 22. h3 Rd4 23. Rdc1 Rfd8 24. Rxc5 Nd3 25. Qxd4 Rxd4 26. Rxh5 g5 27. Rxg5+ 1-0